 Dungeon Crawl Stone Soup version 0.18.1-48-g4cf74bf (webtiles) character file.

6790 Flaot the Transmogrifier (level 10, -11/71 HPs)
             Began as a Grey Draconian Transmuter on Aug 2, 2016.
             Was the Champion of Sif Muna.
             Mangled by a skeletal warrior
             ... wielding a +0 trident
             ... led by a skeletal warrior
              (20 damage)
             ... on level 8 of the Dungeon.
             The game lasted 00:30:33 (11299 turns).

Flaot the Transmogrifier (DrTm)                    Turns: 11299, Time: 00:30:34

Health: -11/71     AC: 13    Str: 15    XL:     10   Next: 76%
Magic:  19/21      EV: 13    Int: 15    God:    Sif Muna [******]
Gold:   395        SH:  0    Dex: 18    Spells: 4 memorised, 13 levels left

rFire  + . .     SeeInvis .       - Unarmed
rCold  . . .     Gourm    .     (armour unavailable)
rNeg   . . .     Faith    .     (shield currently unavailable)
rPois  .         Spirit   .     (helmet restricted)
rElec  .         Dismiss  .     s - +0 cloak
rCorr  .         Reflect  .     (gloves currently unavailable)
SustAt .         Harm     .     (no boots)
MR     +....                    k - amulet of rage
Stlth  ++........               x - ring "Gyegh" {rF+ Str+3 Dex+4}
                                v - ring of protection from magic

@: blade hands, somewhat resistant to hostile enchantments, unstealthy
A: walk through water, unfitting armour, unbreathing, cold-blooded, AC +12
a: End Transformation, Channel Energy, Forget Spell, Renounce Religion, Evoke
Berserk Rage


You were on level 8 of the Dungeon.
You worshipped Sif Muna.
Sif Muna was exalted by your worship.
You were very hungry.
You had blades for hands.
You visited 2 branches of the dungeon, and saw 10 of its levels.

You collected 438 gold pieces.
You spent 43 gold pieces at shops.

Inventory:

Missiles
 a - 32 arrows
Armour
 g - a +0 pair of gloves (melded)
 s - a +0 cloak (worn)
Jewellery
 k - an amulet of rage (around neck)
 l - an uncursed ring of see invisible
 u - an uncursed ring of wizardry
 v - a ring of protection from magic (left scythe-like blade)
 w - an uncursed ring of resist corrosion
 x - the ring "Gyegh" (right scythe-like blade) {rF+ Str+3 Dex+4}
   (You acquired it on level 7 of the Dungeon)

   [ring of protection from fire]

   It affects your strength (+3).
   It affects your dexterity (+4).
   It protects you from fire.
Wands
 r - a wand of hasting (4/9)
 y - a wand of iceblast (8/15)
Scrolls
 h - 6 scrolls of remove curse
 n - 2 scrolls of fog
 A - a scroll of magic mapping
Potions
 e - 4 potions of brilliance
 f - 3 potions of agility
 i - a potion of might
 m - a potion of invisibility
 t - a potion of cancellation
 C - a potion of ambrosia
 D - a potion of haste
Books
 b - a book of Changes

   Spells                             Type                      Level
   a - Beastly Appendage              Transmutation                1
   b - Sticks to Snakes               Transmutation                2
   c - Spider Form                    Transmutation/Poison         3
   d - Ice Form                       Ice/Transmutation            4
   e - Blade Hands                    Transmutation                5
 z - a book of Flames

   Spells                             Type                      Level
   a - Flame Tongue                   Conjuration/Fire             1
   b - Throw Flame                    Conjuration/Fire             2
   c - Conjure Flame                  Conjuration/Fire             3
   d - Inner Flame                    Hexes/Fire                   3
   e - Sticky Flame                   Conjuration/Fire             4
   f - Fireball                       Conjuration/Fire             5
Comestibles
 d - 4 royal jellies
 j - 3 meat rations
 p - 8 fruits


   Skills:
 - Level 1.1 Fighting
 + Level 2.8 Dodging
 - Level 4.0 Unarmed Combat
 - Level 7.8 Spellcasting
 - Level 13.5 Transmutations


You had 13 spell levels left.
You knew the following spells:

 Your Spells              Type           Power        Failure   Level  Hunger
a - Beastly Appendage     Trmt           #####.       6%          1    None
b - Sticks to Snakes      Trmt           #####...     8%          2    None
c - Spider Form           Trmt/Pois      ####......   24%         3    ##.....
d - Blade Hands           Trmt           #####.....   17%         5    #####..


Dungeon Overview and Level Annotations

Branches:
Dungeon (9/15)             Temple (1/1) D:4            Lair (0/8) D:8
    Orc: D:9-12

Altars:
Cheibriados
Dithmenos
Elyvilon
Fedhas
Kikubaaqudgha
Makhleb
Nemelex Xobeh
Okawaru
Pakellas
Qazlal
Ru
Sif Muna
Trog
Vehumet
Xom
Yredelemnul
Zin
The Shining One

Shops:
D:4 *


Innate Abilities, Weirdness & Mutations

You can walk through water.
Your dull iron-grey scales are very hard (AC +12).
Your body does not fit into most forms of armour.
You can survive without breathing.
You are cold-blooded and may be slowed by cold attacks.


Message History

The giant frog barely misses you.
The centaur shoots an arrow.
The arrow hits you.
The centaur shoots an arrow.
The arrow barely misses you. The scorpion barely misses you.
The giant frog hits you.
The centaur unwields an uncursed shortbow.
The centaur misses you. x2
The giant frog closely misses you.
The centaur hits you but does no damage.
The scorpion stings you but does no damage.
The centaur hits you but does no damage.
The giant frog barely misses you.
The skeletal warrior closely misses you.
The centaur completely misses you. The giant frog closely misses you.
The centaur hits you but does no damage.
The skeletal warrior hits you with a battleaxe!
The centaur misses you. The giant frog misses you.
The skeletal warrior hits you with a battleaxe!!
* * * LOW HITPOINT WARNING * * *
The skeletal warrior hits you from afar with a trident!!
You die...

#######..##z#..(..........#
#....<#..............
###'##
#...#.#....)........#
......
#...#.#.............#
......#
#.).#.#.............#
......#
##)##.#.......###'##
......# #.##....zs...#
......####.##..[.z....#
...........##...@c....#
.......######.#[#F##'##
.......# #.#.#.##.#
.....).# #"#.#.##..
.......# #.#.#.###.#
.......######.#.#.# .. #.#
.......)<.....#.#.# #.##.##
.......#....###.#.. .....
##.....#....# #.# #?#.#


You could see 2 skeletal warriors, a giant frog, a centaur and a scorpion.

Vanquished Creatures
  A skeletal warrior (D:7)
  Maurice (D:8)
  2 komodo dragons (D:8)
  A troll (D:7)
  A two-headed ogre (D:7)
  2 yaks (D:9)
  A water moccasin (D:5)
  7 sky beasts
  An ice beast (D:7)
  2 orc warriors
  5 phantoms
  A swamp drake (D:8)
  3 centaurs
  5 ogres
  2 crocodiles (D:8)
  2 giant frogs (D:6)
  3 scorpions
  3 killer bees (D:9)
  2 howler monkeys
  A crimson imp (D:7)
  A centaur zombie (D:7)
  A quasit (D:9)
  9 hounds
  4 orc priests
  A jelly (D:4)
  A centaur skeleton (D:8)
  4 giant frog skeletons
  6 iguanas
  7 orc wizards
  4 worker ants
  A hound skeleton (D:7)
  A howler monkey zombie (D:5)
  4 gnolls (D:4)
  A howler monkey skeleton (D:8)
  5 adders
  3 shadow imps
  2 adder skeletons
  7 worms
  A dart slug (D:1)
  7 giant geckos
  15 orcs
  9 bats
  2 bat zombies (D:2)
  7 giant cockroaches
  9 goblins
  3 hobgoblins
  6 jackals
  5 kobolds
  3 quokkas
  3 ball pythons
  5 giant newts
  2 quokka skeletons
  3 rats
188 creatures vanquished.

Vanquished Creatures (collateral kills)
  3 yaks (D:9)
  Duvessa (D:7)
  An ice beast (D:5)
  Dowan (D:7)
  6 killer bees (D:9)
  A crimson imp (D:9)
  An iguana (D:9)
  An adder (D:1)
  An orc (D:6)
  A giant cockroach (D:4)
17 creatures vanquished.

Vanquished Creatures (others)
  A bush (D:6)
1 creature vanquished.

Grand Total: 206 creatures vanquished

Notes
Turn   | Place    | Note
--------------------------------------------------------------
     0 | D:1      | Flaot the Draconian Transmuter began the quest for the Orb.
     0 | D:1      | Reached XP level 1. HP: 16/16 MP: 3/3
    99 | D:1      | Reached XP level 2. HP: 12/23 MP: 3/5
   340 | D:1      | Reached skill level 3 in Transmutations
   610 | D:1      | Learned a level 2 spell: Sticks to Snakes
   923 | D:1      | Reached XP level 3. HP: 5/28 MP: 2/6
  1195 | D:2      | Learned a level 3 spell: Spider Form
  1303 | D:2      | Reached skill level 4 in Transmutations
  1391 | D:2      | Found a bloodstained altar of Trog.
  1528 | D:2      | Found an ancient bone altar of Kikubaaqudgha.
  1764 | D:2      | Reached XP level 4. HP: 35/35 MP: 3/7
  2106 | D:3      | Found a basalt altar of Yredelemnul.
  2665 | D:4      | Reached skill level 5 in Transmutations
  2688 | D:4      | Reached XP level 5. HP: 10/40 MP: 3/8
  3105 | D:4      | Found a staircase to the Ecumenical Temple.
  3111 | Temple   | Entered the Ecumenical Temple
  3203 | Temple   | Became a worshipper of Sif Muna the Loreminder
  3251 | D:4      | Found Xessoag's Assorted Antiques.
  3251 | D:4      | Noticed an ogre
  3257 | D:4      | Killed an ogre
  3257 | D:4      | Reached XP level 6. HP: 47/47 MP: 4/10
  3278 | D:4      | Reached skill level 6 in Transmutations
  3333 | D:4      | Bought a scroll of identify for 30 gold pieces
  3333 | D:4      | Bought a viscous dark potion for 13 gold pieces
  3687 | D:4      | Found a sparkling altar of Nemelex Xobeh.
  3730 | D:4      | Found a shimmering altar of Xom.
  3960 | D:5      | Entered Level 5 of the Dungeon
  3967 | D:5      | Noticed a sky beast
  3979 | D:5      | Killed a sky beast
  3979 | D:5      | Reached * piety under Sif Muna
  3979 | D:5      | Reached skill level 7 in Transmutations
  3979 | D:5      | Your scales start taking on a dull iron-grey colour.
  3979 | D:5      | Reached XP level 7. HP: 44/52 MP: 2/11
  3979 | D:5      | Gained mutation: You can survive without breathing. [Grey Draconian growth]
  4262 | D:5      | Found a shadowy altar of Dithmenos.
  4440 | D:5      | Learned a level 5 spell: Blade Hands
  4487 | D:5      | Reached skill level 8 in Transmutations
  4987 | D:5      | Reached ** piety under Sif Muna
  4987 | D:5      | Reached skill level 9 in Transmutations
  5202 | D:5      | Reached XP level 8. HP: 58/59 MP: 1/12
  5828 | D:6      | Found a stormy altar of Qazlal.
  5932 | D:6      | Found a glowing silver altar of Zin.
  5938 | D:6      | Reached skill level 10 in Transmutations
  6778 | D:6      | Reached *** piety under Sif Muna
  6778 | D:6      | Reached skill level 11 in Transmutations
  6856 | D:6      | Found a burning altar of Makhleb.
  6947 | D:7      | Noticed Dowan
  6948 | D:7      | Noticed Duvessa
  6964 | D:7      | Killed Duvessa
  6964 | D:7      | Reached XP level 9. HP: 61/64 MP: 0/13
  6971 | D:7      | Killed Dowan
  7338 | D:7      | Identified 2 scrolls of acquirement
  7346 | D:7      | Got a transparent golden ring
  7502 | D:7      | Identified the ring "Gyegh" {rF+ Str+3 Dex+4} (You acquired it on level 7 of the Dungeon)
  7609 | D:7      | Reached skill level 12 in Transmutations
  7808 | D:8      | Noticed a skeletal warrior
  7809 | D:8      | Noticed a skeletal warrior
  7810 | D:8      | Noticed a skeletal warrior
  7812 | D:8      | Noticed a skeletal warrior
  7813 | D:8      | Noticed a skeletal warrior
  7836 | D:7      | You fall through a shaft for 2 floors!
  8088 | D:9      | Reached **** piety under Sif Muna
  8487 | D:9      | Reached skill level 13 in Transmutations
  8500 | D:9      | HP: 3/64 [yak (4)]
  8503 | D:9      | Reached ***** piety under Sif Muna
  8869 | D:9      | Found a glowing golden altar of the Shining One.
  8974 | D:9      | HP: 2/96 [killer bee (4)]
  8981 | D:9      | HP: 1/96 [poisoned by a killer bee]
  8989 | D:9      | HP: 1/96 [poisoned by a killer bee]
  9350 | D:8      | Noticed Maurice
  9381 | D:8      | Killed Maurice
  9381 | D:8      | Reached XP level 10. HP: 39/71 MP: 8/14
  9790 | D:8      | Found a staircase to the Lair.
  9808 | D:8      | Reached skill level 5 in Spellcasting
 10190 | D:7      | Killed a skeletal warrior
 10811 | D:7      | Reached ****** piety under Sif Muna
 10811 | D:7      | Received a gift from Sif Muna
 10816 | D:7      | Identified Bynt's Almanac of Enthralling Attacks (Sif Muna gifted it to you on level 7 of the Dungeon)
 10821 | D:7      | Noticed a salamander stormcaller
 11299 | D:8      | Mangled by a skeletal warrior

Skill      XL: |  1  2  3  4  5  6  7  8  9 10 |
---------------+-------------------------------+-----
Transmutations | 3 4 5 7 9 11 13 | 13.5
Spellcasting   | 3 7 |  7.8
Unarmed Combat | 4 |  4.0
Dodging        | 2 |  2.8
Fighting       | |  1.1

Action                   |  1- 3 |  4- 6 |  7- 9 | 10-12 || total
-------------------------+-------+-------+-------+-------++-------
Melee: Unarmed           |   138 |   146 |   314 |   158 ||   756
       Kick              |     9 |       |       |       ||     9
       Tailslap          |     7 |       |    29 |    21 ||    57
       Headbutt          |     5 |       |       |       ||     5
       Punch             |       |     1 |     1 |     2 ||     4
 Cast: Beastly Appendage |    10 |       |       |       ||    10
       Sticks to Snakes  |     2 |     8 |    26 |       ||    36
       Spider Form       |     8 |    21 |     9 |       ||    38
       Blade Hands       |       |       |    34 |    18 ||    52
  Use: Scroll            |     8 |     7 |     9 |     2 ||    26
       Potion            |       |       |    10 |     3 ||    13
 Stab: Sleeping          |     1 |     1 |       |       ||     2
  Eat: Chunk             |     4 |    10 |    11 |    10 ||    35
       Bread ration      |       |       |     5 |       ||     5
       Beef jerky        |       |       |       |     1 ||     1
Armor: Skin              |    31 |    21 |   132 |    84 ||   268
Dodge: Dodged            |   104 |   100 |   230 |    90 ||   524
